AoeStats
← All Conquistadors Are BSTRD

MegaRandom

509580237Analyzed
2v2 RM · 6d ago on Sep 27, 2026· 51m 1s· 4 players
Game mode
Random Map
Map size
Medium (4 player)
Population
200
Speed
Normal
Resources
Standard
Victory
Conquest
Starting age
Dark Age
Ending age
Imperial Age
RankedLock teamsTeams togetherTeam positionsShared explorationLock speedFull tech treeHidden civsTurbo modeCheats
Victory
Defeat
1281
+17
🇻🇳 Italians · Vietnam
1231
+19
🇩🇪 Aztecs · Germany
1294
-18
🇩🇪 Franks · Germany
1293
-18
All Conquistadors Are BSTRD
6:23 Loom
9:37 Feudal Age
10:05 Champi Runner
11:33 Arson
17:22 Scale Mail Armor
17:33 Forging
19:51 Forging
20:35 Horse Collar
24:22 Town Watch
27:04 Double-Bit Axe
28:34 Wheelbarrow
MemeManVai
6:40 Loom
9:18 Feudal Age
10:16 Double-Bit Axe
13:01 Forging
20:32 Castle Age
19:19 Scale Mail Armor
20:31 Bloodlines
20:28 Scale Barding Armor
21:35 Husbandry
22:05 Bow Saw
23:10 Wheelbarrow
26:44 Iron Casting
29:52 Chain Barding Armor
29:40 Gold Mining
29:41 Stone Mining
30:09 Horse Collar
34:35 Imperial Age
32:53 Hand Cart
32:29 Town Watch
33:37 Stone Shaft Mining
33:18 Fletching
33:58 Bodkin Arrow
34:37 Cavalier
36:20 Blast Furnace
36:13 Conscription
36:29 Chain Mail Armor
36:51 Plate Barding Armor
40:51 Heavy Plow
41:11 Bracer
41:14 Padded Archer Armor
41:15 Elite Genoese Crossbowman
45:37 Ballistics
46:24 Chemistry
46:37 Leather Archer Armor
47:12 Treadmill Crane
49:33 Two-Man Saw
Tee Time
11:13 Feudal Age
12:09 Loom
22:28 Double-Bit Axe
27:37 Castle Age
27:24 Stone Mining
27:30 Gold Mining
35:04 Scale Mail Armor
35:16 Forging
35:38 Scale Barding Armor
36:16 Pikeman
38:32 Bow Saw
39:24 Squires
46:24 Chain Mail Armor
49:06 Wheelbarrow
49:13 Iron Casting
50:28 Arson
Hustlin' Squirrel
8:03 Loom
11:08 Feudal Age
12:24 Arson
17:23 Castle Age
17:06 Scale Mail Armor
34:14 Eagle Warrior
36:04 Forging
37:20 Pikeman
39:40 Fletching
43:00 Squires
43:29 Chain Mail Armor
44:33 Coinage
44:28 Double-Bit Axe
Connection lost

Rejoining the realm…

Still unreachable

The connection could not be restored.

Session expired

The server has moved on; the page needs a fresh start.